 Dungeon Crawl Stone Soup version 0.30-a0-591-g3c58d2bc28 (webtiles) character file.

Game seed: 10031758752118412438

546 Newt the Trooper (level 7, -1/54 HPs)
             Began as a Demonspawn Gladiator on Jan 6, 2023.
             Slain by a jelly (3 damage)
             ... on level 5 of the Dungeon.
             The game lasted 00:04:17 (3741 turns).

Newt the Trooper (Demonspawn Gladiator)             Turns: 3741, Time: 00:04:18

Health: -1/54      AC: -6    Str: 23    XL:     7   Next: 6%
Magic:  7/13       EV: 17    Int:  9    God:
Gold:   147        SH:  0    Dex: 14    Spells: 9/14 levels left

rFire   . . .      SeeInvis .    h - +2 short sword (venom)
rCold   . . .      Faith    .    (no shield)
rNeg    . . .      Spirit   .    b - +0 leather armour
rPois   .          Reflect  .    (helmet restricted)
rElec   .          Harm     .    w - +2 cloak
rCorr   .          Rampage  .    (no gloves)
Will    .....                    (no boots)
Stlth   ++                       (no amulet)
HPRegen 0.29/turn                j - +5 ring of evasion
MPRegen 0.13/turn                y - +6 ring of strength

@: corroded, very slightly contaminated
A: horns 2, demonic magic 1
a: no special abilities


You were on level 5 of the Dungeon.
You visited 1 branch of the dungeon, and saw 5 of its levels.

You collected 212 gold pieces.
You spent 65 gold pieces at shops.

Inventory:

Hand Weapons
 a - a +0 rapier
 h - a +2 short sword of venom (weapon)
Missiles
 d - 5 throwing nets
 e - a javelin
 n - 5 silver javelins
 q - 17 poisoned darts
Armour
 b - a +0 leather armour (worn)
 c - a +0 helmet
 w - a +2 cloak (worn)
Magical Staves
 k - a staff of cold
Jewellery
 j - a +5 ring of evasion (left hand)
 r - a ring of flight
 y - a +6 ring of strength (right hand)
Scrolls
 m - a scroll of torment
 s - a scroll of fear
 t - a scroll of teleportation
Potions
 f - 2 potions of degeneration
 g - a potion of resistance
 i - a potion of haste
 l - 5 potions of heal wounds
 o - a potion of mutation
 p - a potion of berserk rage
 u - a potion of brilliance {unknown}
 x - a potion of curing
 z - a potion of attraction {unknown}


   Skills:
 - Level 4.0 Fighting
 - Level 2.6 Short Blades
 - Level 1.7 Throwing
 - Level 2.6 Dodging
 - Level 2.0 Stealth
 - Level 4.0 Spellcasting
 + Level 3.9 Poison Magic


You had 9 spell levels left.
You knew the following spells:

 Your Spells              Type           Power      Damage    Failure   Level
a - Wereblood             Tmut           1%         N/A       43%         2
b - Ignite Poison         Fire/Tmut/Pois 4%         N/A       50%         3

Your spell library contained the following spells:

 Spells                   Type           Power      Damage    Failure   Level
 Summon Small Mammal      Summ           4%         N/A       30%         1
 Sublimation of Blood     Necr           1%         N/A       43%         2
 Call Canine Familiar     Summ           1%         N/A       67%         3
 Gell's Gravitas          Tloc           1%         N/A       67%         3
 Lesser Beckoning         Tloc           2%         N/A       67%         3
 Summon Guardian Golem    Hex/Summ       1%         N/A       67%         3
 Teleport Other           Tloc           1%         N/A       67%         3
 Sticky Flame             Conj/Fire      1%         2d3       97%         4
 Summon Hydra             Summ           0%         N/A       100%        7
 Ignition                 Fire           0%         3d3       100%        8


Dungeon Overview and Level Annotations

Branches:
Dungeon (5/15)
 Temple: D:4-7

Altars:
Makhleb
Trog

Shops:
D:2 ::*!:


Innate Abilities, Weirdness & Mutations

You have a pair of horns on your head.
Spells you cast may paralyse adjacent enemies.


Message History

You kill Sigmund!
The iguana misses you. The jelly misses you.
Your Poison Magic skill gained 2 levels and is now at level 3!
You have reached level 7!
You hit the jelly. The acid corrodes you!
Your hands burn!
You headbutt the jelly!
The jelly is severely wounded.
The jelly misses you. The iguana bites you.
You hit the iguana but do no damage.
The iguana looks even sicker.
You headbutt the iguana.
The iguana is severely wounded.
The iguana misses you. The jelly barely misses you.
Cast which spell? (? or * to list)
The spell is quite dangerous to miscast (50% risk of failure)!
Continue anyway?
You miscast Ignite Poison.
You are very lightly contaminated with residual magic.
Nothing appears to happen.
The iguana misses you. The jelly completely misses you.
Casting: Ignite Poison (quite dangerous; 50% risk of failure)
Confirm with . or Enter, or press ? or * to list all spells.
The spell is quite dangerous to miscast (50% risk of failure)!
Continue anyway?
You miscast Ignite Poison.
Nothing appears to happen.
The iguana bites you!
* * * LOW HITPOINT WARNING * * *
The jelly barely misses you.
You hit the iguana but do no damage.
The iguana looks as sick as possible!
The iguana is severely wounded.
You closely miss the iguana.
The iguana is severely wounded.
The iguana closely misses you. The jelly hits you.
* * * LOW HITPOINT WARNING * * *
The acid corrodes you!
You are splashed with acid!
* * * LOW HITPOINT WARNING * * *
The jelly attacks as you move away! The jelly barely misses you.
You kill the iguana!
You hit the jelly.
The jelly is poisoned.
The acid corrodes you!
Your hands burn!
* * * LOW HITPOINT WARNING * * *
The jelly is severely wounded.
The jelly hits you.
You die...

#.....#...#........†.#
#.....#...#..........#
####.....##'##.##..###.##
.........#..##'##>.###.##
.........#.............<#
.........#..............#
.........#..........###+#
......)..#'######...#
...###.#J@..:.# ###+#
...#......# +...#......#
#...#......# #...#......#
#######....# .#...#
§#####


You could see a jelly (very poisoned).

Vanquished Creatures
  Sigmund (D:5)
  A phantom (D:3)
  A necrophage (D:5)
  3 iguanas
  4 gnolls (D:4)
  4 adders
  4 worms (D:3)
  2 dart slugs
  4 orcs (D:3)
  8 ball pythons
  11 endoplasms
  A giant cockroach (D:2)
  10 goblins
  7 hobgoblins
  7 kobolds
  A quokka (D:1)
  8 bats
  3 frilled lizards
  4 rats
84 creatures vanquished.

Notes
Turn   | Place    | Note
-------+----------+-------------------------------------------
     0 | D:1      | Newt the Demonspawn Gladiator began the quest for the Orb.
     0 | D:1      | Reached XP level 1. HP: 16/16 MP: 1/1
    57 | D:1      | Reached skill level 1 in Stealth
   269 | D:1      | Gained mutation: Spells you cast may paralyse adjacent
                  | enemies. [demonic ancestry]
   269 | D:1      | Reached XP level 2. HP: 22/22 MP: 2/2
   715 | D:1      | HP: 1/23 [poisoned by a kobold]
   830 | D:1      | Reached XP level 3. HP: 28/28 MP: 3/3
  1171 | D:2      | Found Muom's Distillery.
  1192 | D:2      | Bought a potion of heal wounds for 65 gold pieces
  1209 | D:2      | Learned a level 2 spell: Wereblood
  1240 | D:2      | Found Murolat's Book Shoppe.
  1275 | D:2      | Found Mitwokho's Book Shop.
  1571 | D:2      | Found Dazust's General Store.
  1608 | D:2      | Found Tuneel's Book Shoppe.
  1911 | D:3      | Gained mutation: You have a pair of small horns on your
                  | head. [demonic ancestry]
  1911 | D:3      | Reached XP level 4. HP: 36/37 MP: 4/4
  2075 | D:3      | Noticed a phantom
  2098 | D:3      | Killed a phantom
  2099 | D:3      | Gained mutation: You have a pair of horns on your head.
                  | [demonic ancestry]
  2099 | D:3      | Reached XP level 5. HP: 39/42 MP: 4/8
  2262 | D:3      | Found a burning altar of Makhleb.
  2262 | D:3      | Noticed a green death
  2319 | D:3      | Found a bloodstained altar of Trog.
  2999 | D:4      | Reached XP level 6. HP: 12/48 MP: 11/11
  3637 | D:5      | Entered Level 5 of the Dungeon
  3652 | D:5      | Reached skill level 1 in Poison Magic
  3661 | D:5      | Learned a level 3 spell: Ignite Poison
  3721 | D:5      | Noticed Sigmund
  3732 | D:5      | Killed Sigmund
  3733 | D:5      | Reached XP level 7. HP: 32/54 MP: 13/13
  3741 | D:5      | HP: 2/54 [acid (5)]
  3741 | D:5      | Slain by a jelly

Illustrated notes

Levels and vault maps discovered:
D:1:      grunt_arrival_crossed_arrows, layout_loops_corners
D:2:      layout_basic, serial_shops, shop, shop, shop, shop_fountains,
          nicolae_shop_statue_plus, nicolae_elevator_lobby_plus
D:3:      layout_loops_ring, makhleb_altar_promises_db, general_overflow_altar,
          trog_book, minmay_door_square, minmay_misc_feat_tiny,
          nicolae_wormholes
D:4:      layout_basic, hangedman_decor_slide_cut, bh_walls_and_bars
D:5:      layout_gridville, mainiacjoe_overflow_paths,
          yredelemnul_forgotten_temple_becter,
          chequers_temple_overflow_statue_of_worship, minmay_misc_feat_cross,
          roderic_serpentine_path, uniq_sigmund

Skill      XL: |  1  2  3  4  5  6 |
---------------+-------------------+-----
Stealth        | 1 2 |  2.0
Fighting       | 3 4 |  4.0
Spellcasting   | 2 3 4 |  4.0
Poison Magic   | 3 |  3.9
Short Blades   | |  2.6
Throwing       | |  1.7
Dodging        | |  2.6

Action                   |  1- 3 |  4- 6 |  7- 9 || total
-------------------------+-------+-------+-------++-------
Melee: Rapier            |    64 |       |       ||    64
       Short sword       |    79 |   125 |     5 ||   209
       Punch             |     2 |       |       ||     2
       Headbutt          |       |    25 |     2 ||    27
Throw: Throwing net      |     3 |       |       ||     3
  Use: Potion            |     3 |       |       ||     3
       Scroll            |     7 |     3 |       ||    10
 Stab: Sleeping          |     2 |     5 |       ||     7
Armor: Leather armour    |    27 |    25 |       ||    52
Dodge: Dodged            |    82 |    92 |     8 ||   182

Table legend: (Time is in decaauts)
 A = Elapsed time spent in this place.
 B = Non-inter-level travel time spent in this place.
 C = Inter-level travel time spent in this place.
 D = Time resting spent in this place.
 E = Time spent auto-exploring this place.
 F = Levels seen in this place.
 G = Mean time per level.
                   A        B        C        D        E       F      G
               +--------+--------+--------+--------+--------+-----+--------+
         Total |   3714 |   3559 |    155 |    171 |   2694 |   5 |  742.8 |
       Dungeon |   3714 |   3559 |    155 |    171 |   2694 |   5 |  742.8 |
               +--------+--------+--------+--------+--------+-----+--------+

Top non-repeatable levels by time:
     D:1: 1123 daAuts
     D:3: 905 daAuts
     D:4: 875 daAuts
     D:2: 709 daAuts
     D:5: 100 daAuts
